 Dungeon Crawl Stone Soup version 0.30-a0-1093-gcfb1e0cf12 (webtiles) character file.

Game seed: 16899667480353464978

24160 Essalna the Geomancer (level 13, -5/86 HPs)
             Began as a Gargoyle Earth Elementalist on Apr 17, 2023.
             Was an Elder of Vehumet.
             Slain by a death yak (16 damage)
             ... on level 2 of the Lair of Beasts.
             The game lasted 00:35:15 (13842 turns).

Essalna the Geomancer (GrEE)                       Turns: 13842, Time: 00:35:15

Health: -5/86      AC: 21    Str: 12    XL:     13   Next: 11%
Magic:  1/16       EV: 16    Int: 25    God:    Vehumet [****..]
Gold:   1037       SH:  0    Dex: 18    Spells: 12/16 levels left

rFire   + + .      SeeInvis .    d - staff of earth "Comav" {rC+}
rCold   + + .      Faith    .    (no shield)
rNeg    + . .      Spirit   .    b - +2 troll leather armour
rPois   ∞          Reflect  .    s - +0 helmet
rElec   +          Rampage  .    q - scarf of Resilience {rC+ rF+, rElec Int+4 Dex+2}
rCorr   .                        w - +0 pair of gloves
Will    .....                    u - +0 pair of boots
Stlth   ++                       (no amulet)
HPRegen 1.14/turn                H - ring of protection from fire
MPRegen 0.15/turn                O - +6 ring of dexterity

@: no status effects
A: sickness immunity, AC +9, negative energy resistance 1, electricity
resistance, torment resistance 1, petrification resistance
a: Renounce Religion


You were on level 2 of the Lair of Beasts.
You worshipped Vehumet.
Vehumet was greatly pleased with you.
You visited 3 branches of the dungeon, and saw 15 of its levels.
You also visited: Bailey.

You collected 1037 gold pieces.

Inventory:

Hand Weapons
 i - a +2 dagger of venom
 y - a +2 whip of electrocution
Armour
 b - a +2 troll leather armour (worn)
 q - the scarf of Resilience (worn) {rC+ rF+, rElec Int+4 Dex+2}
   (You found it on level 2 of the Dungeon)

   Int:       It affects your intelligence (+4).
   Dex:       It affects your dexterity (+2).
   rElec:     It insulates you from electricity.
 s - a +0 helmet (worn)
 u - a +0 pair of boots (worn)
 w - a +0 pair of gloves (worn)
 E - a +1 robe of resistance
Magical Staves
 d - the staff of earth "Comav" (weapon) {rC+}
   (You acquired it on level 1 of the Lair of Beasts)

   [staff of earth]

   Base accuracy: +5 Base damage: 5 Base attack delay: 1.2 This weapon's minimum
   attack delay (0.6) is reached at skill level 12.
   rC:        It protects you from cold.
   It falls into the 'Staves' category.
   It is a one-handed weapon.
Jewellery
 H - a ring of protection from fire (left hand)
 L - an amulet of guardian spirit
 O - a +6 ring of dexterity (right hand)
Wands
 a - a wand of quicksilver (6)
 l - a wand of roots (5)
 B - a wand of digging (3)
 D - a wand of polymorph (6)
 G - a wand of mindburst (20)
 M - a wand of flame (12)
Scrolls
 e - 3 scrolls of enchant weapon
 g - 8 scrolls of summoning
 m - a scroll of fear
 v - a scroll of fog
 x - 3 scrolls of poison
 z - 4 scrolls of teleportation
 A - a scroll of brand weapon
 F - a scroll of acquirement
 J - a scroll of magic mapping
 K - 3 scrolls of enchant armour
 N - a scroll of amnesia
 P - a scroll of identify
Potions
 c - 5 potions of brilliance
 f - 9 potions of haste
 h - 9 potions of curing
 j - 8 potions of heal wounds
 k - 2 potions of resistance
 n - 4 potions of degeneration
 o - 2 potions of lignification
 p - 2 potions of flight
 r - a potion of attraction {unknown}
 t - 3 potions of cancellation {unknown}
 C - 4 potions of mutation {unknown}
 I - 2 potions of might


   Skills:
 + Level 12.1 Fighting
 - Level 10.1 Armour
 + Level 8.3 Dodging
 - Level 2.1 Stealth
 - Level 2.0 Spellcasting
 + Level 7.5 Conjurations
 - Level 0.7 Transmutations
 + Level 13.5 Earth Magic
 + Level 2.5 Evocations


You had 12 spell levels left.
You knew the following spells:

 Your Spells              Type           Power      Damage    Failure   Level
a - Sandblast             Erth           100%       2d20      1%          1
b - Stone Arrow           Conj/Erth      100%       3d13      1%          3

Your spell library contained the following spells:

 Spells                   Type           Power      Damage    Failure   Level
 Eringya's Noxious Bog    Tmut/Pois      2%         N/A       98%         6
 Foxfire                  Conj/Fire      84%        2x1d8     1%          1
 Magic Dart               Conj           100%       1d8       1%          1
 Shock                    Conj/Air       84%        1d8       1%          1
 Passwall                 Tmut/Erth      45%        N/A       1%          2
 Searing Ray              Conj           80%        2d7       1%          2
 Hailstorm                Conj/Ice       21%        3d6       2%          3
 Freeze                   Ice            8%         1d3       4%          1
 Fulminant Prism          Conj/Hex       10%        3d8       8%          4
 Petrify                  Tmut/Erth      55%        N/A       8%          4
 Frozen Ramparts          Ice            4%         1d1       11%         3
 Ensorcelled Hibernation  Hex/Ice        4%         N/A       21%         2
 Fireball                 Conj/Fire      10%        3d6       21%         5
 Airstrike                Air            1%         2d(1-17)  32%         4
 Gell's Gravitas          Tloc           2%         N/A       38%         3
 Summon Guardian Golem    Hex/Summ       2%         N/A       38%         3
 Swiftness                Air            2%         N/A       38%         3
 Teleport Other           Tloc           2%         N/A       38%         3
 Starburst                Conj/Fire      10%        6d5       71%         6
 Orb of Destruction       Conj           20%        9d8       75%         7
 Metabolic Englaciation   Hex/Ice        1%         N/A       98%         5
 Plasma Beam              Fire/Air       1%         2x1d12    99%         6
 Spellforged Servitor     Conj/Summ      10%        N/A       99%         7
 Dispersal                Tloc           1%         N/A       100%        6
 Statue Form              Tmut/Erth      Unusable   N/A       N/A         6

Dungeon Overview and Level Annotations

Branches:
Dungeon (11/15)            Temple (1/1) D:4            Lair (3/5) D:11
 Shoals (0/4) Lair:2          Orc (0/2) D:9          Bailey (visited)
  Snake: Lair:2-3    Spider: Lair:2-3

Altars:
Cheibriados
Dithmenos
Fedhas
Gozag
Nemelex Xobeh
Okawaru
Sif Muna
Uskayaw
Vehumet
Wu Jian
Xom
Yredelemnul
The Shining One

Shops:
D:4 ?

Annotations:
D:11 1 runed translucent door, scienide's ghost, journeyman GrFi


Innate Abilities, Weirdness & Mutations

You are immune to sickness and miasma.
Your stone body is resilient. (AC +9)
You are immune to poison.
You resist negative energy. (rN+)
You are resistant to electric shocks. (rElec)
You are resistant to unholy torment.
You are immune to petrification.


Message History

Press: ? - help, Shift-Dir - straight line, f/p - death yak
Aim: a death yak (heavily wounded, 92% to hit)
You feel a surge of power!
The stone arrow hits the death yak!
The death yak is severely wounded.
The death yak gores you!!
Casting: Stone Arrow (safe; 1% risk of failure)
Confirm with . or Enter, or press ? or * to list all spells.
Aiming: Sandblast (safe; 1% risk of failure)
Press: ? - help, Shift-Dir - straight line, f/p - death yak
Aim: a death yak (severely wounded, 95% to hit)
You feel a surge of power!
The blast of sand hits the death yak!
The death yak is almost dead.
The death yak gores you!
You hit the death yak but do no damage.
You shatter the death yak.
The death yak is almost dead.
The death yak gores you!
* * * LOW HITPOINT WARNING * * *
The death yak gores you but does no damage.
You barely miss the death yak.
The death yak is almost dead.
The death yak gores you but does no damage.
The death yak attacks as you move away! The death yak closely misses you.
Casting: Sandblast (safe; 1% risk of failure)
Confirm with . or Enter, or press ? or * to list all spells.
Aiming: Sandblast (safe; 1% risk of failure)
Press: ? - help, Shift-Dir - straight line, f/p - death yak
Aim: a death yak (almost dead, 95% to hit)
You feel a surge of power!
The blast of sand hits the death yak but does no damage.
The death yak is almost dead.
The death yak closely misses you. The death yak attacks as you move away!
The death yak gores you.
* * * LOW HITPOINT WARNING * * *
The death yak attacks as you move away! The death yak gores you!
* * * LOW HITPOINT WARNING * * *
As you read the scroll of fear, it crumbles to dust.
You assume a fearsome visage.
The death yak resists with almost no effort.
The death yak gores you!
You die...

##..#.#....##..######..####...##.
.......................# ###.###
...#.#....P..####.##...# ###
..#####....######.##...#
..#.###...#.#.##..#....#
.##....................#
..#..#.#####.##P..#....### ###
........####.............# #.###
........†......Y@.......P###...##
..#..##.##.#.............PP...}..
.P#...#######................P###
.##..## ###.............#..## #
.#...######.#................#
....>.....................P.#####
..........................#..#^##
............#....................
.P...###P...#................#..#


You could see a death yak.

Vanquished Creatures
  2 boulder beetles (D:11)
  3 two-headed ogres
  A death yak (Lair:2)
  4 orc knights (Bailey)
  An ugly thing (D:11)
  A manticore (D:11)
  2 oklob plants (Lair:2)
  2 black mambas (Lair:1)
  Joseph (D:7)
  3 cane toads (Lair:1)
  3 gargoyles (D:10)
  3 komodo dragons
  2 rime drakes
  A merfolk (Lair:2)
  4 polar bears (Lair:1)
  3 trolls
  7 blink frogs
  A shadow (D:10)
  21 yaks
  3 wraiths
  A fire elemental (D:10)
  4 steam dragons
  Duvessa (D:4)
  10 orc warriors
  5 water moccasins
  2 ice beasts
  3 sky beasts
  3 black bears
  4 centaurs
  4 ogres
  A kobold brigand (D:11)
  6 bullfrogs
  An earth elemental (D:10)
  2 gnoll sergeants
  A scorpion (D:7)
  Dowan (D:4)
  7 wights
  17 killer bees
  5 howler monkeys
  Crazy Yiuf (D:2)
  6 hounds
  3 jellies
  A gnoll bouda (D:10)
  5 orc priests
  4 iguanas
  Jessica (D:3)
  2 sleepcaps
  9 orc wizards
  Natasha (thrice) (D:2)
  Robin (D:2)
  15 gnolls
  7 adders
  A shadow imp (D:7)
  3 white imps
  2 ufetubi
  3 worms
  6 dart slugs
  61 orcs
  9 ball pythons
  4 bats
  9 endoplasms
  6 giant cockroaches
  17 goblins
  8 hobgoblins
  8 jackals
  3 quokkas
  6 frilled lizards
  12 kobolds
  5 rats
367 creatures vanquished.

Vanquished Creatures (others)
  An air elemental (D:10)
  A water elemental (D:10)
  A gnoll (D:8)
  4 bushes (Lair:1)
  11 fungi
  18 plants
36 creatures vanquished.

Grand Total: 403 creatures vanquished

Notes
Turn   | Place    | Note
-------+----------+-------------------------------------------
     0 | D:1      | Essalna the Gargoyle Earth Elementalist began the quest for
                  | the Orb.
     0 | D:1      | Reached XP level 1. HP: 10/10 MP: 3/3
    93 | D:1      | Reached skill level 1 in Fighting
   133 | D:1      | Reached XP level 2. HP: 16/16 MP: 1/5
   186 | D:1      | Reached skill level 4 in Earth Magic
   451 | D:1      | Reached XP level 3. HP: 21/21 MP: 1/6
  1297 | D:2      | Reached XP level 4. HP: 27/27 MP: 3/7
  1330 | D:2      | You fall into a shaft and drop 2 floors!
  1330 | D:4      | Found Geijoe's Magic Scroll Shop.
  1410 | D:3      | Reached skill level 5 in Earth Magic
  1680 | D:2      | Identified the scarf of Resilience {rC+ rF+, rElec Int+4
                  | Dex+2}
  1819 | D:2      | Noticed Natasha
  1824 | D:2      | Killed Natasha
  1866 | D:2      | Reached XP level 5. HP: 32/32 MP: 5/8
  1907 | D:2      | Found a faded altar of an unknown god.
  1908 | D:2      | Noticed Robin
  2088 | D:2      | Noticed Natasha
  2090 | D:2      | Killed Natasha
  2095 | D:2      | Learned a level 3 spell: Stone Arrow
  2283 | D:2      | Killed Robin
  2371 | D:2      | Noticed Natasha
  2374 | D:2      | Killed Natasha
  2375 | D:2      | Reached skill level 1 in Conjurations
  2409 | D:2      | Found a runed translucent door.
  2410 | D:2      | Noticed Crazy Yiuf
  2415 | D:2      | Killed Crazy Yiuf
  2416 | D:2      | Reached skill level 6 in Earth Magic
  2416 | D:2      | Reached XP level 6. HP: 38/38 MP: 6/9
  2572 | D:3      | Noticed Jessica
  2575 | D:3      | Killed Jessica
  2893 | D:3      | Found a shimmering altar of Xom.
  3236 | D:4      | Found an iron altar of Okawaru.
  3311 | D:4      | Noticed Dowan
  3312 | D:4      | Noticed Duvessa
  3329 | D:4      | Killed Duvessa
  3330 | D:4      | Reached XP level 7. HP: 16/44 MP: 5/10
  3331 | D:4      | Killed Dowan
  3332 | D:4      | Reached skill level 5 in Fighting
  3853 | D:4      | Found a staircase to the Ecumenical Temple.
  3915 | Temple   | Entered the Ecumenical Temple
  3996 | Temple   | Became a worshipper of Vehumet
  4134 | D:5      | Entered Level 5 of the Dungeon
  4185 | D:5      | Reached skill level 7 in Earth Magic
  4291 | D:5      | Noticed a troll
  4299 | D:5      | Killed a troll
  4300 | D:5      | Reached XP level 8. HP: 8/51 MP: 7/11
  4534 | D:5      | Reached skill level 1 in Armour
  5314 | D:6      | Reached skill level 8 in Earth Magic
  5535 | D:6      | Reached * piety under Vehumet
  5535 | D:6      | Offered knowledge of Foxfire by Vehumet.
  5708 | D:6      | Reached XP level 9. HP: 57/57 MP: 8/12
  5769 | D:6      | Found a shadowy altar of Dithmenos.
  6392 | D:7      | Reached skill level 9 in Earth Magic
  6485 | D:7      | Reached skill level 5 in Armour
  6708 | D:7      | Found a basalt altar of Yredelemnul.
  6708 | D:7      | Noticed Joseph
  6741 | D:8      | Reached ** piety under Vehumet
  6843 | D:8      | Offered knowledge of Kiss of Death by Vehumet.
  6850 | D:8      | Reached XP level 10. HP: 48/64 MP: 5/13
  6928 | D:8      | Reached skill level 10 in Earth Magic
  6939 | D:8      | Reached skill level 5 in Dodging
  7461 | D:8      | Noticed a two-headed ogre
  7467 | D:8      | Killed a two-headed ogre
  7561 | D:8      | Noticed a two-headed ogre
  7588 | D:8      | Killed a two-headed ogre
  8018 | D:7      | Reached skill level 11 in Earth Magic
  8019 | D:7      | Offered knowledge of Dazzling Flash by Vehumet.
  8153 | D:7      | Killed Joseph
  8509 | D:9      | Reached XP level 11. HP: 71/71 MP: 12/14
  8650 | D:9      | Reached *** piety under Vehumet
  8781 | D:9      | Found a staircase to the Orcish Mines.
  8974 | D:9      | Reached skill level 10 in Fighting
  9006 | D:9      | Offered knowledge of Mephitic Cloud by Vehumet.
  9450 | D:10     | Entered Level 10 of the Dungeon
  9651 | D:10     | Found a large runed translucent door.
  9652 | D:10     | Found a large runed translucent door.
  9823 | D:10     | Found a flagged portal.
  9855 | Bailey   | Entered a bailey
  9926 | Bailey   | Reached **** piety under Vehumet
 10045 | Bailey   | Noticed an orc knight
 10046 | Bailey   | Noticed an orc knight
 10078 | Bailey   | Offered knowledge of Iskenderun's Battlesphere by Vehumet.
 10136 | Bailey   | Killed an orc knight
 10137 | Bailey   | Reached skill level 12 in Earth Magic
 10249 | Bailey   | Killed an orc knight
 10371 | Bailey   | Noticed an orc knight
 10391 | Bailey   | Noticed an orc knight
 10436 | Bailey   | Killed an orc knight
 10498 | Bailey   | Killed an orc knight
 10598 | D:10     | Reached skill level 5 in Conjurations
 11042 | D:11     | Noticed a boulder beetle
 11099 | D:11     | Killed a boulder beetle
 11100 | D:11     | Reached XP level 12. HP: 17/80 MP: 15/15
 11172 | D:11     | Found a staircase to the Lair.
 11172 | D:11     | Noticed a two-headed ogre
 11175 | D:11     | Killed a two-headed ogre
 11265 | D:11     | Noticed a boulder beetle
 11286 | D:11     | Killed a boulder beetle
 11403 | D:11     | Found a runed translucent door.
 11403 | D:11     | Found a shimmering altar of Xom.
 11403 | D:11     | Noticed scienide's ghost (journeyman GrFi)
 11532 | Lair:1   | Entered Level 1 of the Lair of Beasts
 11961 | Lair:1   | Reached skill level 13 in Earth Magic
 12095 | Lair:1   | Acquired the staff of earth "Comav" {rC+}
 12136 | Lair:1   | Reached skill level 10 in Armour
 12272 | Lair:1   | Reached skill level 1 in Evocations
 12863 | Lair:2   | Found a blossoming altar of Fedhas.
 12868 | Lair:2   | Reached ***** piety under Vehumet
 12868 | Lair:2   | Offered knowledge of Eringya's Noxious Bog by Vehumet.
 12869 | Lair:2   | Reached XP level 13. HP: 85/85 MP: 8/16
 13442 | Lair:2   | Found a staircase to the Shoals.
 13842 | Lair:2   | Slain by a death yak

Illustrated notes

Levels and vault maps discovered:
D:1:      minmay_arrival_up_and_down, layout_loops_ring, minmay_pentomino_o4
D:2:      layout_basic, dreamdust_ecumenical_altar_grove, uniq_robin,
          uniq_natasha, uniq_crazy_yiuf_cottage
D:3:      layout_basic, tgw_xom, uniq_jessica
D:4:      layout_rooms, mainiacjoe_overflow_small_starburst,
          minmay_temple_entry_poolview, serial_shops, shop, uniq_duvessa
D:5:      layout_gridville
D:6:      layout_loops_corners, grunt_dithmenos_smoke,
          nicolae_figureground_sparkle
D:7:      layout_loops_ring, nicolae_overflow_crystal_walls, uniq_joseph
D:8:      layout_basic, minmay_fractal_squares_5
D:9:      layout_irregular_city, david_orc_4
D:10:     layout_roguey, enter_bailey_5, lightli_elemental_guards
D:11:     layout_big_octagon, lair_entry_dummy, ebering_ghost_xom
Temple:   dpeg_five_rooms_temple
Lair:1:   layout_roguey, minmay_hedge_maze, st_stairs_8,
          cheibrodos_lair_lostbears, grunt_megastairs_2
Lair:2:   layout_gridlike, elwin_shoals_entry_rooms, hangedman_tree_tricks
Lair:3:   layout_cave_pods, spider_nest_entry_web_field,
          infiniplex_staircase_pool

Skill      XL: |  1  2  3  4  5  6  7  8  9 10 11 12 13 |
---------------+----------------------------------------+-----
Fighting       | 1 2 3 4 5 7 8 9 11 12 | 12.1
Earth Magic    | 4 5 6 7 8 9 11 12 13 | 13.5
Conjurations   | 1 2 4 5 7 |  7.5
Armour         | 3 5 7 9 10 | 10.1
Dodging        | 3 4 6 7 8 |  8.3
Evocations     | 2 |  2.5
Stealth        | |  2.1
Spellcasting   | |  2.0
Transmutations | |  0.7

Action                     |  1- 3 |  4- 6 |  7- 9 | 10-12 | 13-15 || total
---------------------------+-------+-------+-------+-------+-------++-------
  Melee: Unarmed           |    11 |       |       |       |       ||    11
         Dagger            |       |     5 |    16 |    77 |       ||    98
         Punch             |       |       |       |     1 |       ||     1
         Staff             |       |       |       |       |     9 ||     9
   Cast: Sandblast         |    54 |    86 |   163 |   323 |    12 ||   638
         Stone Arrow       |       |       |     4 |    76 |    15 ||    95
  Evoke: Wand              |       |     2 |       |    20 |       ||    22
    Use: Scroll            |     6 |     4 |     6 |     9 |     1 ||    26
         Potion            |       |       |     1 |     2 |       ||     3
 Armour: Robe              |     8 |    16 |     7 |       |       ||    31
         Troll leather arm |       |       |    45 |   168 |    11 ||   224
  Dodge: Dodged            |    22 |    33 |    86 |   213 |    15 ||   369

Table legend: (Time is in decaauts)
 A = Elapsed time spent in this place.
 B = Non-inter-level travel time spent in this place.
 C = Inter-level travel time spent in this place.
 D = Time resting spent in this place.
 E = Time spent auto-exploring this place.
 F = Levels seen in this place.
 G = Mean time per level.
                   A        B        C        D        E       F      G
               +--------+--------+--------+--------+--------+-----+--------+
         Total |  14188 |  13209 |    979 |    121 |  10665 |  16 |  886.8 |
       Dungeon |  11002 |  10168 |    834 |    121 |   8281 |  11 | 1000.2 |
        Temple |    132 |     76 |     56 |      0 |     71 |   1 |  132.0 |
          Lair |   2307 |   2218 |     89 |      0 |   1859 |   3 |  769.0 |
        Bailey |    745 |    745 |      0 |      0 |    453 |   1 |  745.0 |
               +--------+--------+--------+--------+--------+-----+--------+

Top non-repeatable levels by time:
     D:6: 1170 daAuts
     D:1: 1162 daAuts
  Lair:2: 1155 daAuts
  Lair:1: 1147 daAuts
     D:7: 1122 daAuts
     D:5: 1103 daAuts
     D:8: 1067 daAuts
     D:3: 1027 daAuts
     D:9: 979 daAuts
     D:4: 973 daAuts
     D:2: 931 daAuts
    D:10: 863 daAuts
  Bailey: 745 daAuts
    D:11: 601 daAuts
  Temple: 132 daAuts
